 Dungeon Crawl Stone Soup version 0.28-a0-1002-gf00fe89 (webtiles) character file.

Game seed: 12836095845256792275

548 Remcycle the Spear-Bearer (level 7, 0/50 HPs)
             Began as a Merfolk Gladiator on Dec 6, 2021.
             Slain by a scorpion (7 damage)
             ... on level 5 of the Dungeon.
             The game lasted 00:06:20 (4274 turns).

Remcycle the Spear-Bearer (Merfolk Gladiator)       Turns: 4274, Time: 00:06:21

Health: 0/50       AC:  9    Str: 16    XL:     7   Next: 28%
Magic:  7/7        EV: 11    Int:  8    God:
Gold:   206        SH:  0    Dex: 15    Spells: 6/6 levels left

rFire   . . .      SeeInvis .   a - +0 trident
rCold   . . .      Faith    .   (no shield)
rNeg    . . .      Spirit   .   m - +0 scale mail
rPois   .          Reflect  .   c - +1 helmet
rElec   .          Harm     .   (no cloak)
rCorr   .          Rampage  .   o - +0 pair of gloves
Will    .....                   (no boots)
Stlth   ..........              (no amulet)
HPRegen 0.16/turn               (no ring)
MPRegen 0.10/turn               (no ring)

@: no status effects
A: (nimble swimmer 2), mertail
a: no special abilities


You were on level 5 of the Dungeon.
You visited 1 branch of the dungeon, and saw 5 of its levels.

You collected 206 gold pieces.

Inventory:

Hand Weapons
 a - a +0 trident (weapon)
 f - a +2 dagger of venom
Missiles
 d - 3 throwing nets (quivered)
 g - 2 atropa-tipped darts
 p - 3 javelins
Armour
 c - a +1 helmet (worn)
 m - a +0 scale mail (worn)
 o - a +0 pair of gloves (worn)
Jewellery
 e - a ring of fire
 r - a ring of fire
Scrolls
 b - a scroll of fear
 h - 2 scrolls of identify
 j - a scroll of enchant armour
 l - a scroll of blinking
Potions
 i - a potion of flight
 n - 2 potions of curing


   Skills:
 - Level 2.1 Fighting
 + Level 11.5 Polearms
 - Level 2.0 Throwing
 - Level 4.0 Dodging


You had 6 spell levels left.
You didn't know any spells.
Your spell library contained the following spells:

 Spells                   Type           Power      Damage    Failure   Level
 Sandblast                Erth           0%         2d4       86%         1
 Passwall                 Tmut/Erth      0%         N/A       94%         2
 Sublimation of Blood     Necr           0%         N/A       94%         2
 Wereblood                Tmut           0%         N/A       94%         2
 Stone Arrow              Conj/Erth      0%         3d7       99%         3
 Summon Hydra             Summ           0%         N/A       100%        7


Dungeon Overview and Level Annotations

Branches:
Dungeon (5/15)
 Temple: D:4-7

Altars:
Fedhas
Wu Jian

Annotations:
D:5 2 runed translucent doors


Innate Abilities, Weirdness & Mutations

((You are quick and stealthy near water. (Stealth+, EV+, Speed+++)))
Your lower body shifts to a powerful aquatic tail in water.


Message History

The centaur warrior zombie kicks you but does no damage.
The scorpion stings you but does no damage.
You hit the centaur warrior zombie but do no damage.
The centaur warrior zombie is heavily damaged.
You feel sick.
The centaur warrior zombie hits you but does no damage.
The centaur warrior zombie closely misses you.
The scorpion barely misses you.
You hit the centaur warrior zombie.
The centaur warrior zombie is heavily damaged.
The centaur warrior zombie hits you but does no damage.
The centaur warrior zombie kicks you but does no damage.
The scorpion closely misses you.
You hit the centaur warrior zombie.
The centaur warrior zombie is heavily damaged.
You feel sick.
The centaur warrior zombie hits you but does no damage.
The centaur warrior zombie kicks you but does no damage.
The scorpion stings you!
* * * LOW HITPOINT WARNING * * *
You feel better.
The centaur warrior zombie hits you but does no damage.
The centaur warrior zombie kicks you but does no damage.
The scorpion stings you!
* * * LOW HITPOINT WARNING * * *
The centaur warrior zombie barely misses you.
The centaur warrior zombie kicks you but does no damage.
You puncture the scorpion!
The scorpion is heavily wounded.
The scorpion closely misses you. The centaur warrior zombie hits you.
* * * LOW HITPOINT WARNING * * *
The centaur warrior zombie kicks you.
* * * LOW HITPOINT WARNING * * *
You feel better.
You hear the slow hiss of a very distant avalanche of sand.
The centaur warrior zombie hits you but does no damage.
The centaur warrior zombie kicks you.
* * * LOW HITPOINT WARNING * * *
The scorpion stings you!
You die...

#..# #.. #..# ##.. #..#
##... #..## ##.<.## #...#
##.....##########...##
###.....5..............#
.#.....8####8....#####..#
.......Z@...†....# ##..
#......8#s.#8....# ##.
####.####++####..# ## #
#.)# #..# # #..# #.$#
#..# #..# #..# #(.# ....


You could see a scorpion and a centaur warrior zombie.

Vanquished Creatures
  A necrophage (D:4)
  An ogre (D:3)
  A centaur (D:3)
  A scorpion (D:4)
  A water moccasin skeleton (D:4)
  A hound (D:5)
  Terence (D:2)
  A killer bee zombie (D:4)
  A hound skeleton (D:4)
  4 adders
  A shadow imp (D:5)
  An adder skeleton (D:4)
  A worm (D:4)
  3 dart slugs
  9 endoplasms
  3 giant cockroaches
  3 goblins
  2 hobgoblins
  6 kobolds
  4 quokkas
  6 ball pythons
  A bat (D:1)
  2 frilled lizards (D:2)
  4 rats
59 creatures vanquished.

Vanquished Creatures (others)
  A ball python (D:3)
1 creature vanquished.

Grand Total: 60 creatures vanquished

Notes
Turn   | Place    | Note
-------+----------+-------------------------------------------
     0 | D:1      | Remcycle the Merfolk Gladiator began the quest for the Orb.
     0 | D:1      | Reached XP level 1. HP: 16/16 MP: 1/1
   103 | D:1      | Reached skill level 5 in Polearms
   166 | D:1      | Reached XP level 2. HP: 22/22 MP: 2/2
   233 | D:1      | Found a faded altar of an unknown god.
   842 | D:2      | Reached skill level 6 in Polearms
   842 | D:2      | Reached XP level 3. HP: 27/27 MP: 3/3
  1265 | D:2      | Found a blossoming altar of Fedhas.
  1322 | D:2      | Noticed Terence
  1332 | D:2      | Killed Terence
  1333 | D:2      | Reached skill level 7 in Polearms
  1333 | D:2      | Reached XP level 4. HP: 20/33 MP: 4/4
  1728 | D:3      | Found an ornate altar of the Wu Jian Council.
  1824 | D:3      | Noticed a centaur
  1837 | D:3      | Killed a centaur
  1838 | D:3      | Reached skill level 8 in Polearms
  1838 | D:3      | Reached XP level 5. HP: 10/38 MP: 5/5
  2460 | D:3      | Noticed an ogre
  2469 | D:3      | HP: 1/38 [ogre (19)]
  2470 | D:3      | Killed an ogre
  2471 | D:3      | Reached skill level 9 in Polearms
  2471 | D:3      | Reached XP level 6. HP: 2/44 MP: 6/6
  3236 | D:4      | Reached skill level 10 in Polearms
  3360 | D:4      | Noticed a necrophage
  3397 | D:4      | Killed a necrophage
  3398 | D:4      | Reached XP level 7. HP: 40/50 MP: 7/7
  3555 | D:4      | Reached skill level 11 in Polearms
  4216 | D:5      | Entered Level 5 of the Dungeon
  4234 | D:5      | Found a large runed translucent door.
  4237 | D:5      | Found a large runed translucent door.
  4274 | D:5      | Slain by a scorpion

Illustrated notes

Levels and vault maps discovered:
D:1:      mrwooster_arrival_statue_3, layout_basic,
          ebering_ecumenical_altar_petrified
D:2:      layout_basic, basic_altar, minmay_quadrilaterals, uniq_terence
D:3:      layout_loops_ring, pdpol_wu_jian_five_deadly_venoms, minmay_quantized
D:4:      layout_basic
D:5:      wander_river, layout_layer_cave, jmf_multi_god_temple2,
          minmay_temple_entry_arrows, nicolae_ossuary_entry_plus, serial_shops,
          kennysheep_little_box, uniq_prince_ribbit1, uniq_crazy_yiuf_cottage

Skill      XL: |  1  2  3  4  5  6  7 |
---------------+----------------------+-----
Polearms       | 5 6 7 8 9 10 11 | 11.5
Fighting       | |  2.1
Throwing       | |  2.0
Dodging        | |  4.0

Action                   |  1- 3 |  4- 6 |  7- 9 || total
-------------------------+-------+-------+-------++-------
Melee: Trident           |     9 |       |    36 ||    45
       Dagger            |    67 |   105 |    35 ||   207
  Use: Scroll            |       |     8 |     1 ||     9
       Potion            |       |       |     3 ||     3
 Stab: Sleeping          |     1 |       |       ||     1
Armor: Leather armour    |     7 |       |       ||     7
       Scale mail        |       |    32 |    45 ||    77
Dodge: Dodged            |    47 |    61 |    50 ||   158

Table legend: (Time is in decaauts)
 A = Elapsed time spent in this place.
 B = Non-inter-level travel time spent in this place.
 C = Inter-level travel time spent in this place.
 D = Time resting spent in this place.
 E = Time spent auto-exploring this place.
 F = Levels seen in this place.
 G = Mean time per level.
                   A        B        C        D        E       F      G
               +--------+--------+--------+--------+--------+-----+--------+
         Total |   4262 |   4187 |     75 |    826 |   2805 |   5 |  852.4 |
       Dungeon |   4262 |   4187 |     75 |    826 |   2805 |   5 |  852.4 |
               +--------+--------+--------+--------+--------+-----+--------+

Top non-repeatable levels by time:
     D:3: 1508 daAuts
     D:2: 1163 daAuts
     D:4: 1002 daAuts
     D:1: 538 daAuts
     D:5: 49 daAuts
